 Dungeon Crawl Stone Soup version 0.28-a0-1032-ga8db75c868 (webtiles) character file.

Game seed: 12928509465279070680

154130 BinkBink the Unseen (level 17, -6/123 HPs)
             Began as an Octopode Monk on Dec 7, 2021.
             Was the Champion of Jiyva.
             Killed by the raging water
             ... invoked by a water nymph
              (25 damage)
             ... on level 3 of the Shoals.
             The game lasted 01:21:03 (24768 turns).

BinkBink the Unseen (Octopode Monk)                Turns: 24768, Time: 01:21:03

Health: -6/123     AC:  6    Str: 27    XL:     17   Next: 62%
Magic:  32/32      EV: 46    Int: 13    God:    Jiyva [******]
Gold:   250        SH: 10    Dex: 27    Spells: 37/39 levels left

rFire   . . .      SeeInvis .   P - +9 dagger of the Endless Hells {venom, Dex+2}
rCold   + + .      Faith    .   n - +2 buckler
rNeg    + . .      Spirit   .   (helmet restricted)
rPois   .          Reflect  .   f - amulet of the acrobat
rElec   .          Harm     .   g - +4 ring of evasion
rCorr   +          Rampage  .   j - ring of protection from cold
Will    ++...                   s - +6 ring of strength
Stlth   ++++++++++              D - ring of willpower
HPRegen 1.90/turn               F - ring of Bocoqo {Str+6 Dex+2}
MPRegen 0.73/turn               E - ring of wizardry
                                K - ring of positive energy
                                N - ring of flight

@: marked, acrobatic, flying, studying Spellcasting, invisible
A: almost no armour, amphibious, 8 rings, camouflage 1, gelatinous body 2,
nimble swimmer 1, tentacles, antennae 2, tentacle spike 1, iridescent scales 2,
agile 1, cold resistance 1, strong 2, wild magic 1, acidic bite, jelly sensing
items, jelly absorbing missiles, engulf
a: Renounce Religion, Oozemancy, Slimify


You were on level 3 of the Shoals.
You worshipped Jiyva.
Jiyva was exalted by your worship.
You visited 5 branches of the dungeon, and saw 30 of its levels.
You also visited: Ice Cave.

You collected 3261 gold pieces.
You spent 3011 gold pieces at shops.

Inventory:

Hand Weapons
 o - a +8 short sword of protection
 P - the +9 dagger of the Endless Hells (weapon) {venom, Dex+2}
   (You found it on level 15 of the Dungeon)

   It poisons the flesh of those it strikes.
   Dex:       It affects your dexterity (+2).
 S - the +11 scythe "Heedaj" {chaos, rF+ Str+2}
   (You subdued it on level 1 of the Shoals)

   Each time it hits an enemy it has a different, random effect.
   Str:       It affects your strength (+2).
   rF:        It protects you from fire.
Missiles
 a - 2 throwing nets
Armour
 n - a +2 buckler (worn)
 J - a +2 tower shield
Jewellery
 f - an amulet of the acrobat (around mantle)
 g - a +4 ring of evasion (left tentacle)
 j - a ring of protection from cold (right tentacle)
 s - a +6 ring of strength (on tentacle)
 D - a ring of willpower (on tentacle)
 E - a ring of wizardry (on tentacle)
 F - the ring of Bocoqo (on tentacle) {Str+6 Dex+2}
   (You bought it in a shop on level 9 of the Dungeon)

   [ring of strength]

   Str:       It affects your strength (+6).
   Dex:       It affects your dexterity (+2).
 K - a ring of positive energy (on tentacle)
 N - a ring of flight (on tentacle)
 V - a ring of protection from cold
Wands
 h - a wand of iceblast (9)
 q - a wand of polymorph (18)
 u - a wand of mindburst (3)
 y - a wand of charming (5)
 B - a wand of flame (32)
Scrolls
 b - a scroll of brand weapon
 d - 5 scrolls of noise
 i - 5 scrolls of amnesia
 t - 9 scrolls of teleportation
 w - 4 scrolls of fog
 x - 4 scrolls of enchant armour
 z - 2 scrolls of silence
 A - 3 scrolls of immolation
 C - 7 scrolls of magic mapping
 M - a scroll of fear
 R - 4 scrolls of vulnerability
Potions
 c - a potion of attraction {unknown}
 e - 12 potions of curing
 k - a potion of cancellation
 m - 2 potions of lignification {unknown}
 p - 4 potions of mutation
 r - 2 potions of heal wounds {unknown}
 v - a potion of magic
 G - a potion of ambrosia
 H - 2 potions of flight {unknown}
 I - 3 potions of berserk rage {unknown}
 L - 3 potions of resistance
 O - 3 potions of brilliance {unknown}
 Q - 2 potions of might {unknown}
 U - a potion of haste {unknown}


   Skills:
 + Level 13.4 Fighting
 - Level 13.3 Short Blades
 + Level 13.1 Dodging
 - Level 20.3 Stealth
 * Level 8.8 Shields
 * Level 11.6 Spellcasting
 * Level 9.9 Hexes
 - Level 5.9 Ice Magic
 + Level 2.1 Evocations


You had 37 spell levels left.
You knew the following spells:

 Your Spells              Type           Power      Damage    Failure   Level
a - Ensorcelled Hibernat  Hex/Ice        72%        N/A       1%          2

Your spell library contained the following spells:

 Spells                   Type           Power      Damage    Failure   Level
 Ozocubu's Armour         Ice            29%        N/A       1%          3
 Tukima's Dance           Hex            43%        N/A       1%          3
 Dazzling Flash           Conj/Hex       52%        N/A       2%          3
 Magic Dart               Conj           36%        1d4       6%          1
 Fulminant Prism          Conj/Hex       13%        3d9       7%          4
 Blink                    Tloc           18%        N/A       9%          2
 Searing Ray              Conj           18%        2d5       9%          2
 Sublimation of Blood     Necr           9%         N/A       9%          2
 Wereblood                Tmut           9%         N/A       9%          2
 Lesser Beckoning         Tloc           9%         N/A       16%         3
 Spider Form              Tmut/Pois      9%         N/A       16%         3
 Summon Ice Beast         Ice/Summ       19%        N/A       16%         4
 Silence                  Hex/Air        13%        N/A       19%         5
 Summon Mana Viper        Hex/Summ       26%        N/A       19%         5
 Airstrike                Air            4%         N/A       41%         4
 Summon Lightning Spire   Summ/Air       9%         N/A       41%         4
 Agony                    Necr           9%         N/A       75%         5
 Lightning Bolt           Conj/Air       4%         1d16      75%         5
 Manifold Assault         Tloc           9%         N/A       75%         5
 Ozocubu's Refrigeration  Ice            14%        4d7       95%         7
 Monstrous Menagerie      Summ           4%         N/A       100%        7
 Summon Hydra             Summ           4%         N/A       100%        7


Dungeon Overview and Level Annotations

Branches:
Dungeon (15/15)            Temple (0/1) D:5            Lair (6/6) D:9
 Shoals (4/4) Lair:3        Snake (3/4) Lair:4        Slime (0/5) Lair:6
    Orc (2/2) D:12            Elf (0/3) Orc:2        Vaults (0/5) D:14
 Depths (0/4) D:15          IceCv (visited)

Altars:
Dithmenos
Elyvilon
Fedhas
Hepliaklqana
Kikubaaqudgha
Nemelex Xobeh
Qazlal
Ru
Trog
Uskayaw
Vehumet
Xom
Yredelemnul
The Shining One
Jiyva

Shops:
D:1 :   D:3 (   D:9 =   D:15 *   Orc:2 [([?   Shoals:2 *

Annotations:
D:6 1 runed translucent door, Crazy Yiuf
D:9 exclusion: statue
Lair:2 1 runed translucent door, Gilette's ghost, journeyman GnEE
Snake:3 Saint Roka


Innate Abilities, Weirdness & Mutations

You cannot wear most types of armour.
You are amphibious.
You can wear up to eight rings at the same time.
Your skin changes colour to match your surroundings (Stealth+).
Your pliable body absorbs attacks. (AC +2, EV +2)
You are camouflaged near water. (Stealth+)
You have tentacles for arms and can constrict up to eight enemies at once.
You have a pair of antennae on your head.
One of your tentacles bears a spike.
You are mostly covered in iridescent scales. (AC +4)
You are agile. (Dex +2)
Your flesh is cold resistant. (rC+)
Your muscles are very strong. (Str +4)
Your spells are a little harder to cast, but a little more powerful.
You have acidic saliva.
You have a small jelly attached to you that senses nearby items.
You have a small jelly attached to you that may absorb projectiles.
Your melee attacks may engulf your foes in ooze.


Message History

The air elemental fires a burst of electricity at you.
The stunning burst misses you. The merfolk closely misses you.
You block the air elemental's attack.
The air elemental completely misses you.
You block the air elemental's attack.
An air elemental comes into view.
The wind drake flaps its wings at you. The air twists around and strikes you!
A water elemental and a water nymph come into view.
The air elemental completely misses you.
The merfolk completely misses you.
The air elemental completely misses you.
The air elemental fires a burst of electricity at you.
The stunning burst misses you.
A sea snake comes into view.
The air elemental completely misses you.
The air elemental fires a burst of electricity at you.
The stunning burst misses you.
The water nymph flows with the water.
There is a stone staircase leading up here.
You block the air elemental's attack. The wind drake flaps its wings at you.
The air twists around and strikes you! The air elemental hits you.
* * * LOW HITPOINT WARNING * * *
The merfolk hits you from afar with a +0 trident!
* * * LOW HITPOINT WARNING * * *
The water nymph completely misses you. The wind drake flaps its wings at you.
The air twists around and strikes you!
* * * LOW HITPOINT WARNING * * *
The air elemental completely misses you.
You fly upwards.
There is a stone staircase leading down here.
You fade into invisibility!
The air elemental misses you. The water nymph closely misses you.
The air elemental fires a burst of electricity at you.
The stunning burst misses you.
The air elemental fires a burst of electricity at you.
The stunning burst misses you.
The water nymph points at you and mumbles some strange words.
You die...

#≈≈≈≈≈≈≈≈≈......≈≈≈≈≈.#
#≈≈≈≈≈≈≈≈.......≈≈≈≈...
#≈≈≈≈≈≈≈≈.....≈≈≈≈≈≈...
#≈≈≈≈≈≈≈≈≈J.≈≈≈≈≈......
#≈≈≈≈≈≈≈≈≈≈........##..
#≈≈≈≈≈≈≈≈≈........###..
#≈≈≈≈≈≈≈≈...##..J.≈≈≈≈≈
#≈≈≈≈≈≈≈....#..##.≈≈≈..
#≈≈≈≈≈@..≈....##..≈....
#≈≈≈≈≈E>m.........≈≈≈≈≈
#≈≈≈≈≈..≈≈.......≈≈≈≈..
#≈≈≈≈≈≈≈≈.....##.≈≈≈..#
#≈≈≈≈≈≈≈≈≈...###.≈≈≈...
#≈≈≈≈≈≈≈≈≈≈..##.≈≈≈≈≈≈≈
#≈≈≈≈≈≈≈≈≈.....≈≈≈≈≈≈≈≈
#≈≈≈≈≈≈≈≈....>.≈≈≈≈≈≈≈≈
#≈≈≈≈≈≈≈≈...≈≈≈≈≈≈≈≈≈≈≈


You could see a water nymph, an air elemental and a neutral jelly (wandering)
(fellow slime).

Vanquished Creatures
  Jorgrun (D:14)
  2 krakens (Shoals:2)
  Frances (Shoals:1)
  The ghost of Nieh the Messiah, an adept HOMo of Beogh (Shoals:1)
  Ilsuiw (Shoals:2)
  A frost giant (D:15)
  Aizul (Snake:3)
  Louise (Shoals:1)
  A ghoul (D:14)
  A deep elf death mage (D:13)
  A merfolk impaler (Shoals:3)
  2 blizzard demons (IceCv)
  2 merfolk javelineers
  An ice dragon (Snake:2)
  2 naga warriors (Snake:2)
  An ogre mage (D:15)
  2 catoblepae (Lair:6)
  2 centaur warriors
  4 two-headed ogres
  3 hydras
  5 anacondas (Snake:2)
  A boulder beetle (D:15)
  An alligator snapping turtle (Shoals:2)
  3 dancing weapons
  A merfolk avatar (Shoals:2)
  4 tengu warriors
  13 death yaks (Lair:6)
  8 shock serpents
  2 naga sharpshooters
  2 skeletal warriors (D:14)
  A salamander mystic (Snake:2)
  5 sea snakes
  2 naga ritualists (Snake:2)
  A deep elf archer (D:13)
  An obsidian statue (IceCv)
  An orange crystal statue (D:12)
  3 orc knights
  A deep elf zephyrmancer (D:13)
  3 harpies (Shoals:1)
  A wizard (D:15)
  2 deep elf pyromancers
  8 cyclopes
  An orc sorcerer (Orc:2)
  6 mana vipers
  9 fauns
  5 salamanders
  18 manticores
  20 ugly things
  A manticore (shapeshifter) (D:15)
  17 black mambas
  7 elephants (Lair:6)
  A naga mage (Snake:1)
  4 merfolk sirens
  6 water nymphs
  8 cane toads
  5 rime drakes
  9 ice devils (IceCv)
  2 unseen horrors
  An anaconda simulacrum (IceCv)
  2 freezing wraiths
  2 golden dragon simulacra (IceCv)
  11 komodo dragons
  An efreet (D:15)
  2 tengu conjurers
  8 entropy weaver simulacra (IceCv)
  8 trolls
  19 merfolk
  5 wind drakes
  12 blink frogs
  16 dream sheep
  2 air elementals (Shoals:4)
  9 snapping turtles
  A centaur simulacrum (D:15)
  Sigmund (D:3)
  A wraith (D:11)
  7 water elementals
  4 spriggan simulacra (IceCv)
  2 dire elephant simulacra (IceCv)
  8 wyverns
  61 yaks
  2 fire elementals (Orc:2)
  7 basilisks
  5 minotaur simulacra (IceCv)
  3 vampire mosquitoes (D:11)
  12 nagas
  2 acid dragons
  A swamp worm (D:11)
  4 wargs
  10 water moccasins
  2 hydra simulacra (IceCv)
  2 hell hounds (Orc:2)
  21 orc warriors
  2 alligator simulacra (IceCv)
  5 black bears
  3 ice beasts
  9 ogres
  18 wolves
  A necrophage (D:8)
  10 centaurs
  2 ettin simulacra (IceCv)
  5 bullfrogs
  8 deep troll simulacra (IceCv)
  A gnoll sergeant (D:9)
  A wyvern zombie (D:4)
  A water moccasin zombie (D:10)
  A scorpion (D:7)
  2 lindwurm simulacra (IceCv)
  6 killer bees (D:10)
  4 wights (D:7)
  3 electric eels (D:13)
  2 howler monkeys (D:8)
  A lava snake (D:14)
  A bullfrog zombie (D:7)
  6 centaur zombies
  A hound (D:3)
  An orc priest (D:5)
  Ijyb (D:3)
  14 iguanas
  10 orc wizards
  7 hell rats (Lair:4)
  2 killer bee zombies
  A mummy (D:14)
  A howler monkey zombie (D:9)
  Robin (D:4)
  4 gnolls (D:9)
  4 adders
  A shadow imp (D:8)
  A worm (D:2)
  3 dart slugs
  29 orcs
  3 ball pythons
  A giant cockroach (D:4)
  13 hobgoblins
  6 jackals (D:2)
  9 kobolds
  A quokka (D:1)
  6 bats
  23 frilled lizards
  14 goblins
  6 rats
728 creatures vanquished.

Vanquished Creatures (collateral kills)
  Azrael (Orc:2)
  A hydra (Lair:4)
  2 boulder beetles
  A catoblepas (Lair:6)
  A two-headed ogre (D:8)
  A death yak (Lair:6)
  A deep elf knight (D:13)
  A naga sharpshooter (Snake:2)
  An orc knight (D:15)
  2 ugly things (D:15)
  A rime drake (Lair:4)
  5 komodo dragons
  A shadow (D:13)
  5 yaks
  A warg (D:15)
  An acid dragon (D:11)
  2 orc warriors (D:15)
  4 wolves (Lair:5)
  2 centaurs (D:5)
  An orc priest (D:5)
  A hell rat (Lair:4)
  A frilled lizard (Lair:2)
37 creatures vanquished.

Vanquished Creatures (others)
  2 merfolk avatars
  A bog body (IceCv)
  A komodo dragon (shapeshifter) (D:13)
  9 slime creatures
  2 dream sheep
  A water elemental (Shoals:1)
  A wraith (D:12)
  A fire elemental (Orc:2)
  2 hell hounds (Orc:2)
  5 orc warriors
  A sky beast (D:8)
  A swamp drake (D:12)
  3 wolves
  2 centaurs (Orc:2)
  3 ogres
  A phantom (D:5)
  A bullfrog (D:8)
  A scorpion (D:5)
  A killer bee (D:8)
  A wight (D:7)
  A centaur zombie (D:8)
  2 hounds (D:5)
  A bullfrog skeleton (D:5)
  A centaur skeleton (D:5)
  194 jellies
  2 orc priests
  An iguana (Lair:2)
  6 orc wizards
  A statue (D:9)
  2 gnolls
  3 endoplasms
  25 orcs
  2 bats
  3 goblins
  A hobgoblin (D:3)
  A ball python (D:1)
  5 frilled lizards
  A kobold (D:3)
  A rat (D:2)
  124 fungi
  227 plants
  14 tentacles (Shoals:1)
  3 withered plants (D:14)
661 creatures vanquished.

Grand Total: 1426 creatures vanquished

Notes
Turn   | Place    | Note
-------+----------+-------------------------------------------
     0 | D:1      | BinkBink the Octopode Monk began the quest for the Orb.
     0 | D:1      | Reached XP level 1. HP: 16/16 MP: 1/1
   295 | D:1      | Found a faded altar of an unknown god.
   298 | D:1      | Reached XP level 2. HP: 21/21 MP: 2/2
   307 | D:1      | Prayed at the altar of an unknown god.
   307 | D:1      | Became a worshipper of Jiyva Joneef the Shapeless
   307 | D:1      | Reached * piety under Jiyva
   307 | D:1      | Reached ** piety under Jiyva
   575 | D:1      | Reached *** piety under Jiyva
   587 | D:1      | Gained mutation: You possess an exceptional clarity of
                  | mind. [Jiyva's grace]
   587 | D:1      | Gained mutation: You are agile. (Dex +2) [Jiyva's grace]
   587 | D:1      | Gained mutation: You are very agile. (Dex +4) [Jiyva's
                  | grace]
   587 | D:1      | Gained mutation: You have very sharp teeth. [Jiyva's grace]
   591 | D:1      | Found Kyckantedd's Book Shop.
   940 | D:2      | Reached skill level 3 in Stealth
   940 | D:2      | Reached XP level 3. HP: 22/26 MP: 3/3
  1025 | D:2      | Reached XP level 4. HP: 25/31 MP: 4/4
  1092 | D:2      | Reached **** piety under Jiyva
  1225 | D:3      | Reached skill level 4 in Stealth
  1306 | D:3      | Reached XP level 5. HP: 36/36 MP: 5/5
  1363 | D:3      | Noticed Ijyb
  1378 | D:3      | Killed Ijyb
  1410 | D:3      | Noticed an ice beast
  1470 | D:3      | Found Gigezoq's Weapon Emporium.
  1665 | D:3      | Noticed Sigmund
  1730 | D:3      | Killed Sigmund
  1731 | D:3      | Reached skill level 5 in Stealth
  1731 | D:3      | Reached XP level 6. HP: 32/43 MP: 6/6
  1884 | D:3      | Killed an ice beast
  1885 | D:3      | Reached skill level 6 in Stealth
  2246 | D:4      | Found a shadowy altar of Dithmenos.
  2247 | D:4      | Noticed Robin
  2254 | D:4      | Killed Robin
  2442 | D:4      | Found a blossoming altar of Fedhas.
  2653 | D:5      | Entered Level 5 of the Dungeon
  2711 | D:5      | Found a staircase to the Ecumenical Temple.
  2786 | D:5      | Reached ***** piety under Jiyva
  2804 | D:5      | Reached skill level 7 in Stealth
  2804 | D:5      | Reached XP level 7. HP: 27/48 MP: 7/7
  2867 | D:5      | Found a sparkling altar of Nemelex Xobeh.
  2985 | D:5      | Reached skill level 8 in Stealth
  3350 | D:6      | Lost mutation: You have very sharp teeth. [Jiyva's grace]
  3350 | D:6      | Gained mutation: You are partially covered in iridescent
                  | scales. (AC +2) [Jiyva's grace]
  3350 | D:6      | Gained mutation: You are mostly covered in iridescent
                  | scales. (AC +4) [Jiyva's grace]
  3350 | D:6      | Gained mutation: You are completely covered in iridescent
                  | scales. (AC +6) [Jiyva's grace]
  3350 | D:6      | Gained mutation: One of your tentacles bears a spike.
                  | [Jiyva's grace]
  3357 | D:6      | Found a runed translucent door.
  3358 | D:6      | Noticed Crazy Yiuf
  3383 | D:6      | You fall into a shaft and drop 1 floor!
  3398 | D:7      | Reached skill level 5 in Short Blades
  3540 | D:7      | Reached XP level 8. HP: 50/54 MP: 8/8
  3601 | D:7      | Reached skill level 9 in Stealth
  3817 | D:7      | Found a glowing golden altar of the Shining One.
  3824 | D:7      | Reached skill level 5 in Fighting
  3824 | D:7      | Reached skill level 5 in Dodging
  3911 | D:7      | Reached skill level 10 in Stealth
  4015 | D:8      | Found a hazy altar of Hepliaklqana.
  4082 | D:8      | Reached XP level 9. HP: 61/61 MP: 9/9
  4097 | D:8      | Found a sacrificial altar of Ru.
  4142 | D:8      | Reached skill level 11 in Stealth
  4202 | D:8      | Found a hide-covered altar of Uskayaw.
  4316 | D:8      | Noticed a two-headed ogre
  4534 | D:8      | Killed a two-headed ogre
  4535 | D:8      | Reached skill level 12 in Stealth
  4681 | D:9      | Found an ancient bone altar of Kikubaaqudgha.
  4735 | D:9      | Reached ****** piety under Jiyva
  4736 | D:9      | Found a radiant altar of Vehumet.
  4767 | D:9      | Lost mutation: You are completely covered in iridescent
                  | scales. (AC +6) [Jiyva's grace]
  4767 | D:9      | Lost mutation: You are mostly covered in iridescent scales.
                  | (AC +4) [Jiyva's grace]
  4767 | D:9      | Lost mutation: You are very agile. (Dex +4) [Jiyva's grace]
  4767 | D:9      | Lost mutation: You possess an exceptional clarity of mind.
                  | [Jiyva's grace]
  4767 | D:9      | Gained mutation: You have acidic saliva. [Jiyva's grace]
  4767 | D:9      | Gained mutation: You passively map a small area around you.
                  | [Jiyva's grace]
  4767 | D:9      | Gained mutation: You passively map the area around you.
                  | [Jiyva's grace]
  4767 | D:9      | Gained mutation: You passively map a large area around you.
                  | [Jiyva's grace]
  4770 | D:9      | Found a staircase to the Lair.
  4773 | D:9      | Reached skill level 13 in Stealth
  4796 | D:9      | Reached XP level 10. HP: 68/68 MP: 10/10
  4805 | D:9      | Reached skill level 1 in Evocations
  5001 | D:9      | Reached skill level 14 in Stealth
  5113 | D:9      | Found Qair's Jewellery Shop.
  5235 | D:9      | Found a bloodstained altar of Trog.
  5291 | D:10     | Entered Level 10 of the Dungeon
  5310 | D:10     | Found a white marble altar of Elyvilon.
  5484 | D:10     | Found a basalt altar of Yredelemnul.
  6199 | D:11     | Noticed a two-headed ogre
  6219 | D:11     | a two-headed ogre changed into a swamp worm
  6295 | D:11     | Reached XP level 11. HP: 64/75 MP: 11/11
  6296 | D:11     | Reached skill level 15 in Stealth
  6589 | D:11     | Noticed a cyclops
  6595 | D:11     | Killed a cyclops
  6596 | D:11     | Reached skill level 10 in Short Blades
  6882 | D:12     | Lost mutation: You have acidic saliva. [Jiyva's grace]
  6882 | D:12     | Gained mutation: Your skin blends seamlessly with your
                  | surroundings (Stealth++). [Jiyva's grace]
  6882 | D:12     | Gained mutation: Your skin perfectly mimics your
                  | surroundings (Stealth+++). [Jiyva's grace]
  6882 | D:12     | Gained mutation: You possess an exceptional clarity of
                  | mind. [Jiyva's grace]
  6882 | D:12     | Gained mutation: You have a small jelly attached to you
                  | that senses nearby items. [Jiyva's grace]
  6936 | D:12     | Noticed a boulder beetle
  6960 | D:12     | Killed a boulder beetle
  7142 | D:12     | Noticed a two-headed ogre
  7165 | D:12     | a two-headed ogre changed into a dream sheep
  7214 | D:12     | Noticed a manticore
  7220 | D:12     | Killed a manticore
  7242 | D:12     | Noticed an orange crystal statue
  7409 | D:12     | Noticed a cyclops
  7409 | D:12     | Noticed a brown ugly thing
  7430 | D:12     | Killed a brown ugly thing
  7445 | D:12     | Killed a cyclops
  7501 | D:12     | Found a staircase to the Orcish Mines.
  7684 | D:12     | Noticed a deep elf pyromancer
  7699 | D:12     | Noticed a two-headed ogre
  7700 | D:12     | Killed an orange crystal statue
  7776 | D:13     | Noticed a manticore
  7790 | D:13     | Noticed a brown ugly thing
  7794 | D:13     | Noticed a brown ugly thing
  7805 | D:13     | Killed a manticore
  7838 | D:13     | Killed a cyan ugly thing
  7854 | D:13     | Killed a cyan ugly thing
  7998 | D:13     | Noticed a deep elf pyromancer
  8172 | D:13     | Reached skill level 16 in Stealth
  8327 | D:13     | Reached XP level 12. HP: 84/84 MP: 12/12
  8459 | D:13     | Noticed a deep elf death mage
  8460 | D:13     | Noticed a deep elf knight
  8631 | D:13     | Killed a deep elf death mage
  8637 | D:13     | Killed a ghostly deep elf death mage
  8727 | D:13     | Killed a deep elf knight
  8807 | D:14     | Identified a scroll of acquirement
  8808 | D:14     | Acquired 1086 gold pieces
  8848 | D:14     | Noticed Jorgrun
  8996 | D:9      | Bought a ring of willpower for 275 gold pieces
  8996 | D:9      | Bought a ring of wizardry for 330 gold pieces
  8996 | D:9      | Bought the ring of Bocoqo {Str+6 Dex+2} for 766 gold pieces
  9002 | D:9      | Learned a level 2 spell: Ensorcelled Hibernation
  9050 | Lair:1   | Entered Level 1 of the Lair of Beasts
  9054 | Lair:1   | Lost mutation: You are partially covered in iridescent
                  | scales. (AC +2) [Jiyva's grace]
  9054 | Lair:1   | Lost mutation: Your skin perfectly mimics your surroundings
                  | (Stealth+++). [Jiyva's grace]
  9054 | Lair:1   | Lost mutation: You are agile. (Dex +2) [Jiyva's grace]
  9054 | Lair:1   | Lost mutation: You possess an exceptional clarity of mind.
                  | [Jiyva's grace]
  9054 | Lair:1   | Lost mutation: You have a small jelly attached to you that
                  | senses nearby items. [Jiyva's grace]
  9054 | Lair:1   | Gained mutation: You have a pair of small antennae on your
                  | head. [Jiyva's grace]
  9054 | Lair:1   | Gained mutation: You have a pair of antennae on your head.
                  | [Jiyva's grace]
  9054 | Lair:1   | Gained mutation: You have a pair of large antennae on your
                  | head. (SInv) [Jiyva's grace]
  9054 | Lair:1   | Gained mutation: You have acidic saliva. [Jiyva's grace]
  9118 | Lair:1   | Reached skill level 1 in Ice Magic
  9156 | Lair:1   | Noticed a six-headed hydra
  9260 | Lair:1   | Reached skill level 1 in Spellcasting
  9260 | Lair:1   | Reached skill level 1 in Hexes
  9760 | Lair:1   | Killed a six-headed hydra
  9914 | Lair:2   | Found a runed translucent door.
  9915 | Lair:2   | Noticed Gilette's ghost (journeyman GnEE)
 10696 | Lair:3   | Lost mutation: You have a pair of large antennae on your
                  | head. (SInv) [Jiyva's grace]
 10696 | Lair:3   | Gained mutation: Your spells are a little harder to cast,
                  | but a little more powerful. [Jiyva's grace]
 10696 | Lair:3   | Gained mutation: Your spells are harder to cast, but more
                  | powerful. [Jiyva's grace]
 10696 | Lair:3   | Gained mutation: Your spells are much harder to cast, but
                  | much more powerful. [Jiyva's grace]
 10696 | Lair:3   | Gained mutation: Your pliable body absorbs attacks. (AC +2,
                  | EV +2) [Jiyva's grace]
 10714 | Lair:3   | Reached XP level 13. HP: 81/90 MP: 16/16
 10798 | Lair:3   | Found a staircase to the Shoals.
 10873 | Lair:3   | Reached skill level 17 in Stealth
 11520 | Lair:4   | Found a staircase to the Snake Pit.
 11684 | Lair:4   | Lost mutation: You passively map a large area around you.
                  | [Jiyva's grace]
 11684 | Lair:4   | Lost mutation: Your spells are much harder to cast, but
                  | much more powerful. [Jiyva's grace]
 11684 | Lair:4   | Gained mutation: You are covered in slimy tendrils that may
                  | disarm your opponents. [Jiyva's grace]
 11684 | Lair:4   | Gained mutation: Your body has grown eyes which may confuse
                  | attackers. (Acc +3) [Jiyva's grace]
 11684 | Lair:4   | Gained mutation: Your body has grown many eyes which may
                  | confuse attackers. (Acc +5) [Jiyva's grace]
 11684 | Lair:4   | Gained mutation: Your body is covered in eyes which may
                  | confuse attackers. (Acc +7, SInv) [Jiyva's grace]
 12369 | Lair:4   | Reached skill level 18 in Stealth
 13120 | Lair:5   | Lost mutation: Your skin blends seamlessly with your
                  | surroundings (Stealth++). [Jiyva's grace]
 13120 | Lair:5   | Lost mutation: You have acidic saliva. [Jiyva's grace]
 13120 | Lair:5   | Lost mutation: Your body is covered in eyes which may
                  | confuse attackers. (Acc +7, SInv) [Jiyva's grace]
 13120 | Lair:5   | Gained mutation: You have hidden genetic potential.
                  | [Jiyva's grace]
 13120 | Lair:5   | Gained mutation: You have great hidden genetic potential.
                  | [Jiyva's grace]
 13120 | Lair:5   | Gained mutation: Your spells are much harder to cast, but
                  | much more powerful. [Jiyva's grace]
 13120 | Lair:5   | Gained mutation: You are resistant to electric shocks.
                  | (rElec) [Jiyva's grace]
 13231 | Lair:6   | Entered Level 6 of the Lair of Beasts
 13591 | Lair:6   | Reached skill level 10 in Fighting
 13683 | Lair:6   | Reached XP level 14. HP: 88/99 MP: 20/20
 13699 | Lair:6   | Reached skill level 5 in Hexes
 13876 | Lair:6   | Reached skill level 5 in Ice Magic
 13952 | Lair:6   | Reached skill level 5 in Spellcasting
 13993 | Lair:6   | Reached skill level 19 in Stealth
 14282 | Lair:6   | Found a staircase to the Slime Pits.
 14387 | Lair:6   | Gained mutation: You are partially covered in iridescent
                  | scales. (AC +2) [hidden potential]
 14583 | Lair:6   | Reached skill level 10 in Dodging
 15206 | Orc:1    | Entered Level 1 of the Orcish Mines
 15279 | Orc:2    | Entered Level 2 of the Orcish Mines
 15649 | Orc:2    | Noticed Azrael
 15674 | Orc:2    | Killed Azrael
 15680 | Orc:2    | Found Jusitut's Armour Emporium.
 15680 | Orc:2    | Found Feuf's Antique Weapon Boutique.
 15680 | Orc:2    | Found Xixzycsavu's Antique Armour Shop.
 15683 | Orc:2    | Found Pit Utiu's Magic Scroll Shoppe.
 15695 | Orc:2    | Bought a scroll of identify for 32 gold pieces
 15695 | Orc:2    | Bought a scroll of identify for 32 gold pieces
 15695 | Orc:2    | Bought a scroll of enchant weapon for 120 gold pieces
 15695 | Orc:2    | Bought a scroll of fear for 56 gold pieces
 15695 | Orc:2    | Bought a scroll of acquirement for 832 gold pieces
 15803 | Orc:2    | Found a staircase to the Elven Halls.
 15836 | Orc:2    | Reached XP level 15. HP: 105/105 MP: 24/24
 16164 | D:14     | Found a hide-covered altar of Uskayaw.
 16308 | D:14     | Lost mutation: You passively map the area around you.
                  | [Jiyva's grace]
 16308 | D:14     | Lost mutation: Your spells are much harder to cast, but
                  | much more powerful. [Jiyva's grace]
 16308 | D:14     | Lost mutation: Your spells are harder to cast, but more
                  | powerful. [Jiyva's grace]
 16308 | D:14     | Lost mutation: Your body has grown many eyes which may
                  | confuse attackers. (Acc +5) [Jiyva's grace]
 16308 | D:14     | Lost mutation: Your pliable body absorbs attacks. (AC +2,
                  | EV +2) [Jiyva's grace]
 16308 | D:14     | Gained mutation: Your melee attacks may engulf your foes in
                  | ooze. [Jiyva's grace]
 16308 | D:14     | Gained mutation: Your pliable body absorbs attacks. (AC +2,
                  | EV +2) [Jiyva's grace]
 16308 | D:14     | Gained mutation: Your gelatinous body deflects attacks. (AC
                  | +3, EV +3) [Jiyva's grace]
 16308 | D:14     | Gained mutation: You are agile. (Dex +2) [Jiyva's grace]
 16314 | D:14     | Reached skill level 20 in Stealth
 16380 | D:13     | Acquired a ring of flight
 16635 | D:13     | Identified the +5 glaive of the Living Dead {flame, Will+
                  | Int+5}
 16658 | D:14     | Noticed a ghoul
 16678 | D:14     | Killed a ghoul
 16779 | D:14     | Found a gate to the Vaults.
 16803 | D:14     | Killed Jorgrun
 16887 | D:14     | Gained mutation: Your system is resistant to poisons.
                  | (rPois) [hidden potential]
 16887 | D:14     | Lost mutation: You have great hidden genetic potential.
                  | [hidden potential expressed]
 17031 | D:15     | Entered Level 15 of the Dungeon
 17406 | D:15     | Reached skill level 1 in Shields
 17407 | D:15     | Found a staircase to the Depths.
 17407 | D:15     | Noticed a frost giant
 17410 | D:15     | Killed a frost giant
 17568 | D:15     | Identified the +9 dagger of the Endless Hells {venom,
                  | Dex+2}
 18130 | D:15     | Found Giathripp's Assorted Antiques.
 18133 | D:15     | Bought a murky yellow potion for 27 gold pieces
 18133 | D:15     | Bought a scroll labelled MAIMOORECK for 30 gold pieces
 18133 | D:15     | Bought 2 metallic yellow potions for 54 gold pieces
 18133 | D:15     | Bought a scroll labelled VEGUENW ECSOU for 30 gold pieces
 18133 | D:15     | Bought a brown potion for 27 gold pieces
 18319 | Shoals:1 | Entered Level 1 of the Shoals
 18416 | Shoals:1 | Noticed Frances
 18421 | Shoals:1 | Killed Frances
 18494 | Shoals:1 | Noticed Louise
 18513 | Shoals:1 | Killed Louise
 18542 | Shoals:1 | Reached XP level 16. HP: 114/114 MP: 28/28
 18542 | Shoals:1 | Noticed a kraken
 18650 | Shoals:1 | Lost mutation: One of your tentacles bears a spike.
                  | [Jiyva's grace]
 18650 | Shoals:1 | Lost mutation: Your body has grown eyes which may confuse
                  | attackers. (Acc +3) [Jiyva's grace]
 18650 | Shoals:1 | Lost mutation: Your gelatinous body deflects attacks. (AC
                  | +3, EV +3) [Jiyva's grace]
 18650 | Shoals:1 | Gained mutation: You have acidic saliva. [Jiyva's grace]
 18650 | Shoals:1 | Gained mutation: You expend magic power (3 MP) to
                  | strengthen your wands. [Jiyva's grace]
 18650 | Shoals:1 | Gained mutation: You have a small jelly attached to you
                  | that senses nearby items. [Jiyva's grace]
 18650 | Shoals:1 | Gained mutation: One of your tentacles bears a spike.
                  | [Jiyva's grace]
 18682 | Shoals:1 | Found a runed translucent door.
 18683 | Shoals:1 | Found a shimmering altar of Xom.
 18683 | Shoals:1 | Noticed Nieh's ghost (adept HOMo)
 18684 | Shoals:1 | Identified the +11 scythe "Heedaj" {chaos, rF+ Str+2}
 19301 | Shoals:2 | Found Ukopar's Assorted Antiques.
 19339 | Shoals:2 | Bought a scroll of enchant weapon for 240 gold pieces
 19339 | Shoals:2 | Bought a scroll of identify for 64 gold pieces
 19339 | Shoals:2 | Bought a scroll of identify for 64 gold pieces
 19339 | Shoals:2 | Bought a scroll labelled VEGUENW ECSOU for 32 gold pieces
 19378 | Shoals:2 | Noticed Ilsuiw
 19665 | Shoals:1 | Killed Nieh's ghost
 19835 | Shoals:2 | Gained mutation: You are strong-willed. (Will+) [hidden
                  | potential]
 20008 | Snake:1  | Entered Level 1 of the Snake Pit
 20547 | Snake:1  | Reached skill level 10 in Spellcasting
 21008 | Snake:2  | Reached skill level 5 in Shields
 21221 | Snake:2  | Lost mutation: You are partially covered in iridescent
                  | scales. (AC +2) [Jiyva's grace]
 21221 | Snake:2  | Lost mutation: You are strong-willed. (Will+) [Jiyva's
                  | grace]
 21221 | Snake:2  | Lost mutation: You are covered in slimy tendrils that may
                  | disarm your opponents. [Jiyva's grace]
 21221 | Snake:2  | Lost mutation: Your melee attacks may engulf your foes in
                  | ooze. [Jiyva's grace]
 21221 | Snake:2  | Gained mutation: Your muscles are strong. (Str +2) [Jiyva's
                  | grace]
 21221 | Snake:2  | Gained mutation: Your muscles are very strong. (Str +4)
                  | [Jiyva's grace]
 21221 | Snake:2  | Gained mutation: You are partially covered in iridescent
                  | scales. (AC +2) [Jiyva's grace]
 21221 | Snake:2  | Gained mutation: You are mostly covered in iridescent
                  | scales. (AC +4) [Jiyva's grace]
 21605 | Snake:2  | Found a frozen archway.
 21611 | IceCv    | Entered an ice cave
 21769 | IceCv    | Reached XP level 17. HP: 122/122 MP: 31/31
 21791 | IceCv    | Identified the +1 pair of boots "Naih" {Fly}
 23024 | Snake:3  | Noticed Aizul
 23031 | Snake:3  | Killed Aizul
 23057 | Snake:3  | Noticed Saint Roka
 23293 | Shoals:2 | Killed Ilsuiw
 23296 | Shoals:2 | Noticed a kraken
 23303 | Shoals:2 | Killed a kraken
 23332 | Shoals:2 | Noticed a kraken
 23339 | Shoals:2 | Killed a kraken
 23404 | Shoals:2 | Gained mutation: You passively map the area around you.
                  | [hidden potential]
 23404 | Shoals:2 | Lost mutation: You have hidden genetic potential. [hidden
                  | potential expressed]
 23849 | Shoals:3 | Lost mutation: You passively map the area around you.
                  | [Jiyva's grace]
 23849 | Shoals:3 | Lost mutation: You passively map a small area around you.
                  | [Jiyva's grace]
 23849 | Shoals:3 | Lost mutation: Your system is resistant to poisons. (rPois)
                  | [Jiyva's grace]
 23849 | Shoals:3 | Lost mutation: You are resistant to electric shocks.
                  | (rElec) [Jiyva's grace]
 23849 | Shoals:3 | Lost mutation: You have acidic saliva. [Jiyva's grace]
 23849 | Shoals:3 | Lost mutation: You expend magic power (3 MP) to strengthen
                  | your wands. [Jiyva's grace]
 23849 | Shoals:3 | Gained mutation: Your melee attacks may engulf your foes in
                  | ooze. [Jiyva's grace]
 23849 | Shoals:3 | Gained mutation: You have a small jelly attached to you
                  | that may absorb projectiles. [Jiyva's grace]
 23849 | Shoals:3 | Gained mutation: You have acidic saliva. [Jiyva's grace]
 23849 | Shoals:3 | Gained mutation: Your flesh is cold resistant. (rC+)
                  | [Jiyva's grace]
 24502 | Shoals:4 | Entered Level 4 of the Shoals
 24607 | Shoals:4 | Paralysed by an air elemental for 1 turns
 24639 | Shoals:4 | Paralysed by an air elemental for 1 turns
 24648 | Shoals:4 | Paralysed by an air elemental for 1 turns
 24661 | Shoals:4 | Paralysed by an air elemental for 1 turns
 24714 | Shoals:4 | Found a stormy altar of Qazlal.
 24768 | Shoals:3 | Killed from afar by a water nymph

Illustrated notes

Levels and vault maps discovered:
D:1:      amcnicky_arrival_gap_in_the_tavern_cellar, layout_loops_corners,
          chequers_ecumenical_altar_simple_redux, serial_shops, shop
D:2:      layout_basic
D:3:      corexii_shack_village, layout_loops_ring, serial_shops, shop,
          uniq_ijyb, uniq_sigmund
D:4:      layout_basic, fedhas_altar_2, lemuel_round_altar, minmay_lizard_king,
          uniq_robin
D:5:      layout_basic, nemelex_dance_club_becter, temple_green
D:6:      layout_rooms, uniq_crazy_yiuf_cottage, uniq_edmund
D:7:      layout_basic, tso_altar, kennysheep_generic_room_11
D:8:      layout_cave_pools, nicolae_ru_sacrificial_ziggurat,
          mainiacjoe_overflow_tiny_flanked, nicolae_hepliaklqana_hazy_memory,
          minmay_starry_boxes
D:9:      layout_loops_ring, trog_book, vehumet_statue, kiku_gazebo_pond_becter,
          minmay_lair_entry_grove, serial_shops, shop
D:10:     layout_loops_ring, elyvilon_altar_4, mainiacjoe_overflow_alcove_1,
          serial_glass, glass_columns_b, glass_columns_c,
          corexii_leaking_fountain, fountainhead
D:11:     layout_loops_ring
D:12:     layout_irregular_city, erik_orc_1, minivault_16
D:13:     layout_basic
D:14:     layout_cave_pools, erik_vaults_1, nicolae_uskayaw_suspiria,
          serial_undead, serial_undead_f, serial_undead_b, serial_undead_e,
          serial_undead_e, uniq_jorgrun
D:15:     grunt_enter_depths_snipers, layout_stronghold, hangedman_decor_push,
          serial_shops, nicolae_shop_stone
Lair:1:   wander_river, layout_regular_city
Lair:2:   lemuel_reptile_caves, layout_loops_ring,
          hellmonk_ghost_happy_afterlife, grunt_megastairs_1
Lair:3:   layout_long_grid, minmay_shoals_entry_hut, grunt_megastairs_5
Lair:4:   layout_cave_pods, guppyfry_snake_entry_island, special_room
          [special_room_mythical_zoo], lemuel_fruit_tree
Lair:5:   layout_gridlike
Lair:6:   evilmike_catoblepas_cave, layout_layer_cave,
          minmay_slime_entry_jelly_boxes, lemuel_fruit_fields
Shoals:1: layout_shoals, ebering_ghost_xom, kb_tengu_band, uniq_frances,
          uniq_louise
Shoals:2: layout_shoals, serial_shops, nicolae_diamond_shop, uniq_ilsuiw
Shoals:3: cheibrodos_shoals_roost, layout_shoals
Shoals:4: shoals_end_hellmonk_storm_palace [storm_palace_center_circular,
          storm_palace_corner_blocked, storm_palace_corner_reverse_hut,
          storm_palace_corner_altar, storm_palace_corner_reverse_hut]
Snake:1:  layout_onion, grunt_megastairs_2
Snake:2:  layout_honeycomb, portal_ice_cave_entry_dragon
Snake:3:  layout_onion, basic_altar, uniq_saint_roka, uniq_aizul
Orc:1:    layout_diamond_mine
Orc:2:    st_orc_rangers, layout_diamond_mine, uniq_azrael

Skill      XL: |  1  2  3  4  5  6  7  8  9 10 11 12 13 14 15 16 17 |
---------------+----------------------------------------------------+-----
Stealth        | 3 4 5 7 8 10 13 14 16 18 19 20 | 20.3
Short Blades   | 4 5 6 7 9 11 12 13 | 13.3
Fighting       | 4 5 6 7 8 9 10 12 13 | 13.4
Dodging        | 4 5 6 7 9 10 11 12 13 | 13.1
Evocations     | 1 2 |  2.1
Ice Magic      | 2 4 5 |  5.9
Spellcasting   | 2 4 6 8 10 11 | 11.6
Hexes          | 2 4 6 8 9 |  9.9
Shields        | 3 6 8 |  8.8

Action                   |  1- 3 |  4- 6 |  7- 9 | 10-12 | 13-15 | 16-18 || total
-------------------------+-------+-------+-------+-------+-------+-------++-------
Melee: Short sword       |     5 |       |    79 |   575 |  1056 |       ||  1715
       Dagger            |    39 |   109 |    43 |       |    75 |   715 ||   981
       Constrict         |    11 |    31 |    20 |    48 |    99 |    79 ||   288
       Tentacles         |     7 |    26 |    29 |   165 |   462 |   310 ||   999
       Bite              |     2 |    13 |     2 |    71 |    32 |   208 ||   328
       Kick              |       |       |    36 |   292 |   723 |   491 ||  1542
 Cast: Ensorcelled Hiber |       |       |       |     6 |       |       ||     6
Evoke: Wand              |       |       |     1 |     4 |       |       ||     5
  Use: Scroll            |       |     2 |       |    10 |    11 |     7 ||    30
       Potion            |       |     2 |       |       |     3 |     2 ||     7
 Stab: Sleeping          |     9 |    13 |    20 |    22 |    31 |    71 ||   166
       Distracted        |       |     2 |       |     4 |    13 |    12 ||    31
       Confused          |       |       |       |       |    25 |       ||    25
       Invisible         |       |       |       |       |    11 |       ||    11
Armor: Skin              |     1 |     3 |    14 |    39 |    85 |    10 ||   152
Dodge: Dodged            |    40 |    58 |    72 |   383 |   671 |   447 ||  1671
Block: Buckler           |       |       |       |       |     7 |   184 ||   191

Table legend: (Time is in decaauts)
 A = Elapsed time spent in this place.
 B = Non-inter-level travel time spent in this place.
 C = Inter-level travel time spent in this place.
 D = Time resting spent in this place.
 E = Time spent auto-exploring this place.
 F = Levels seen in this place.
 G = Mean time per level.
                   A        B        C        D        E       F      G
               +--------+--------+--------+--------+--------+-----+--------+
         Total |  23572 |  21500 |   2072 |      0 |  14088 |  31 |  760.4 |
       Dungeon |  11167 |   9836 |   1331 |      0 |   7014 |  15 |  744.5 |
          Lair |   5854 |   5475 |    379 |      0 |   3810 |   6 |  975.7 |
        Shoals |   2975 |   2867 |    108 |      0 |   1563 |   4 |  743.8 |
     Snake Pit |   1950 |   1732 |    218 |      0 |    919 |   3 |  650.0 |
  Orcish Mines |    615 |    580 |     35 |      0 |    336 |   2 |  307.5 |
      Ice Cave |   1010 |   1010 |      0 |      0 |    446 |   1 | 1010.0 |
               +--------+--------+--------+--------+--------+-----+--------+

Top non-repeatable levels by time:
  Lair:6: 1590 daAuts
    D:13: 1510 daAuts
  Lair:4: 1153 daAuts
Shoals:1: 1076 daAuts
    D:12: 1063 daAuts
    D:15: 1062 daAuts
   IceCv: 1010 daAuts
 Snake:1: 950 daAuts
 Snake:2: 920 daAuts
Shoals:2: 891 daAuts
    D:10: 868 daAuts
     D:1: 867 daAuts
  Lair:3: 858 daAuts
     D:3: 827 daAuts
Shoals:3: 817 daAuts
